Map: 천상의 쟁탈전

Players

테라진

  • Race: Zerg Zerg
  • Spawn Location: 7:00

마버로아

  • Race: Terran Terran
  • Spawn Location: 6:00

VOD

Have the link to the VOD?

Description

Time

  • Played on: Oct. 7, 2017, 8:21 a.m.
  • Length: 11:53
Show
View Real Time Build Order
Export as new Build Order

테라진 Zerg 

Build Orders:  

Get SALT Encoding   

  6  0:10  Drone x2  
  6  0:18  Drone x2  
  8  0:28  Drone x2  
  9  0:36  Drone x2  
  10  0:47  Drone x2  
  11  0:54  Drone x2  
  12  1:02  Drone x2  
  12  1:09  Drone x2  
  14  1:15  Extractor  
  13  1:20  Extractor  
  13  1:26  Drone x2  
  14  1:40  Spawning Pool  
  14  1:47  Overlord  
  13  2:11  Baneling Nest  
  13  2:22  Drone x2  
  14  2:35  Swarmling x9  
  14  2:37  Centrifical Hooks  
  18  2:51  Evolution Chamber, Drone x2  
  18  2:52  Overlord  
  19  3:12  Lair  
  21  3:22  Hatchery  
  20  3:37  Heroic Fortitude  
  20  3:46  Metabolic Boost  
  22  3:54  Overlord  
  22  3:59  Drone x2  
  23  4:07  Extractor  
  23  4:09  Extractor  
  24  4:34  Corrosive Acid  
  24  4:47  Drone x4  
  24  4:48  Drone x2  
  29  5:00  Drone x6  
  29  5:02  Drone x2  
  35  5:36  Drone x4  
  37  5:45  Drone x4  
  41  5:52  Hatchery  
  41  6:03  Drone x4  
  41  6:07  Medusa Blades  
  43  6:11  Hardened Carapace  
  44  6:20  Overseer  
  44  6:25  Overlord x2  
  44  6:31  Overlord  
  46  7:16  Overlord x2  
  46  7:20  Hive  
  46  7:23  Overseer  
  47  7:53  Swarmling x9  
  47  7:54  Swarmling x27  
  50  8:14  Swarmling x6  
  42  8:27  Swarmling x12  
  42  8:39  Swarmling x18  
  54  8:40  Swarmling x6  
  54  8:46  Zerg Melee Weapons Level 1  
  54  8:48  Rupture  
  52  8:50  Adrenal Overload  
  52  8:52  Swarmling x9  
  56  9:15  Swarmling x6  
  56  9:16  Swarmling x12  
  62  9:25  Swarmling x3  
  62  9:26  Swarmling x6  
  53  9:39  Swarmling x9  
  51  9:40  Swarmling x3  
  51  9:49  Swarmling x6  
  53  9:50  Shredding Claws  
  53  9:58  Swarmling x3  
  53  9:59  Swarmling x6  
  58  10:06  Roach x8  
  58  10:07  Roach x12  
Show
View Real Time Build Order
Export as new Build Order

마버로아 Terran 

Build Orders:  

Get SALT Encoding   

  12  0:03  SCV  
  12  0:51  Barracks  
  12  1:36  Command Center  
  12  2:11  Orbital Command  
  12  2:59  Command Center  
  12  3:35  Orbital Command  
  12  4:13  Command Center  
  12  10:07  Orbital Command  
  12  10:08  Orbital Command  
Tags
 
Add a new tag
Caveats
  • Supply blocks, unpowered buildings, or Contaminate may cause inaccurate times.
  • Supply counts are checked every 10 seconds.